 Dungeon Crawl Stone Soup version 0.19.4-10-g532645f (webtiles) character file.

214 Magnus the Distorting Demonspawn (level 5, -1/42 HPs)
             Began as a Demonspawn Abyssal Knight on Feb 24, 2017.
             Was a Believer of Lugonu.
             Slain by Natasha (7 damage)
             ... on level 3 of the Dungeon.
             The game lasted 00:08:53 (3832 turns).

Magnus the Distorting Demonspawn (DsAK)             Turns: 3832, Time: 00:08:53

Health: -1/42      AC:  4    Str: 15    XL:     5   Next: 59%
Magic:  8/8        EV: 11    Int: 13    God:    Lugonu [**....]
Gold:   217        SH:  6    Dex: 14    Spells: 0 memorised, 4 levels left

rFire  . . .     SeeInvis .     a - +1 falchion
rCold  . . .     Gourm    .     b - +0 leather armour
rNeg   + . .     Faith    .     (no shield)
rPois  .         Spirit   .     s - +0 helmet
rElec  .         Reflect  .     (no cloak)
rCorr  .         Harm     .     (no gloves)
MR     .....                    (no boots)
Stlth  +.........               (no amulet)
                                x - +3 ring of strength
                                h - ring of positive energy

@: slowed, very slow
A: large bone plates 2
a: Depart the Abyss, Bend Space, Renounce Religion


You were on level 3 of the Dungeon.
You worshipped Lugonu.
Lugonu was pleased with you.
You were hungry.

You visited 1 branch of the dungeon, and saw 3 of its levels.
You visited the Abyss 1 time.

You collected 217 gold pieces.

Inventory:

Hand Weapons
 a - a +1 falchion (weapon)
Armour
 b - a +0 leather armour (worn)
 s - a +0 helmet (worn)
Jewellery
 h - a ring of positive energy (left hand)
 x - a +3 ring of strength (right hand)
Wands
 e - a wand of iceblast (6/15)
 t - a wand of digging (24/24)
 w - a wand of iceblast (7/15)
Scrolls
 d - a scroll of teleportation
 j - 3 scrolls of identify
 l - 2 scrolls of blinking
 m - a scroll of immolation
Potions
 k - a potion of flight {unknown}
 n - 2 potions of lignification
 o - a potion of curing
 q - a potion of berserk rage
 r - 2 potions of magic {unknown}
 u - a potion of ambrosia
 v - a potion of cancellation {unknown}
 z - a potion of brilliance {unknown}
Books
 f - a book of Spatial Translocations

   Spells                             Type                      Level
   a - Blink                          Translocation                2
   b - Shroud of Golubria             Charms/Translocation         2
   c - Lesser Beckoning               Translocation                3
   d - Portal Projectile              Translocation                3
   e - Teleport Other                 Translocation                3
   f - Passage of Golubria            Translocation                4
Comestibles
 c - 3 bread rations
 A - a meat ration


   Skills:
 + Level 4.2 Fighting
 + Level 3.6 Long Blades
 - Level 1.7 Armour
 - Level 0.8 Dodging
 + Level 4.7 Invocations


You had 4 spell levels left.
You didn't know any spells.

Dungeon Overview and Level Annotations

Branches:
Dungeon (3/15)

Altars:
Ashenzari
Elyvilon
Kikubaaqudgha
Nemelex Xobeh
Ru
Uskayaw
Zin

Annotations:
D:3 Ijyb, Natasha


Innate Abilities, Weirdness & Mutations

You are mostly covered in large bone plates. (SH +6)


Message History

Natasha is severely wounded.
Natasha casts a spell.
You closely miss Natasha.
Natasha is severely wounded.
Natasha claws you.
* * * LOW HITPOINT WARNING * * *
Unknown command.
You hit Natasha but do no damage.
Natasha is severely wounded.
Natasha barely misses you.
The shadow imp shouts, "Go and return not, thou frothy doghearted hugger-mugger!"
You completely miss Natasha.
Natasha is severely wounded.
You block Natasha's attack. Natasha casts a spell at you.
You feel yourself slow down.
You hit Natasha.
Natasha is almost dead.
Natasha claws you!
You die...

......>.........h#######.####.)..
........######..................#
##.#.##.........<#####.######...#
#...########.....###.#######..##
##..# ###....#...........##.###
#..####...........######....# #
#.......#.##.#.5...# ###### #
#..###..#.###.#h...#### ##### #
#.###...>.# ##@#.))...###...###
#.#.<.###.# ##.....(.....#..##
#.#.### ### ##...#....####...
#..†# ##....#### #### #..##
#....# ##.## #..### #..# ##.#
#### ###


You could see Natasha and a crimson imp.

Vanquished Creatures
  Jessica (D:3)
  Natasha (twice) (D:3)
  Robin (D:3)
  7 adders
  A dart slug (D:1)
  2 leopard geckos (D:2)
  16 goblins
  3 hobgoblins
  2 quokkas
  2 ball pythons
  9 bats
  3 frilled lizards
  10 kobolds
  3 rats
62 creatures vanquished.

Notes
Turn   | Place    | Note
-------+----------+-------------------------------------------
     0 | Abyss:1  | Magnus the Demonspawn Abyssal Knight began the quest for the Orb.
     0 | Abyss:1  | Reached XP level 1. HP: 18/18 MP: 2/2
    36 | Abyss:1  | Found a shimmering altar of Xom.
    46 | Abyss:1  | Noticed an eye of draining
    78 | Abyss:1  | Noticed a thrashing horror
    82 | D:1      | Escaped the Abyss
   507 | D:1      | Gained mutation: You are partially covered in large bone plates. (SH +4) [demonic ancestry]
   507 | D:1      | Reached XP level 2. HP: 16/24 MP: 4/4
  1039 | D:1      | Reached * piety under Lugonu
  1274 | D:2      | Found a white marble altar of Elyvilon.
  1276 | D:2      | Found a sacrificial altar of Ru.
  1379 | D:2      | Found a hide-covered altar of Uskayaw.
  1381 | D:2      | Found a sparkling altar of Nemelex Xobeh.
  1511 | D:2      | Reached XP level 3. HP: 24/29 MP: 5/5
  1623 | D:2      | Found a shattered altar of Ashenzari.
  1907 | D:3      | Noticed Robin
  1907 | D:3      | Noticed Ijyb
  2494 | D:3      | HP: 2/43 [Robin/trident (1)]
  2564 | D:3      | Killed Robin
  2564 | D:3      | Reached XP level 4. HP: 2/36 MP: 6/6
  3067 | D:3      | Noticed Jessica
  3086 | D:3      | Killed Jessica
  3194 | D:3      | Found a glowing silver altar of Zin.
  3286 | D:3      | Gained mutation: You are mostly covered in large bone plates. (SH +6) [demonic ancestry]
  3286 | D:3      | Reached XP level 5. HP: 35/42 MP: 8/8
  3295 | D:3      | Reached ** piety under Lugonu
  3369 | D:3      | Found an ancient bone altar of Kikubaaqudgha.
  3623 | D:3      | Noticed Natasha
  3633 | D:3      | Killed Natasha
  3767 | D:3      | Noticed Natasha
  3781 | D:3      | Killed Natasha
  3810 | D:3      | Noticed Natasha
  3832 | D:3      | Slain by Natasha

Skill      XL: |  1  2  3  4 |
---------------+-------------+-----
Long Blades    | 2 3 |  3.6
Invocations    | 3 4 |  4.7
Fighting       | 4 |  4.2
Armour         | |  1.7
Dodging        | |  0.8

Action                   |  1- 3 |  4- 6 || total
-------------------------+-------+-------++-------
Melee: Falchion          |   125 |   119 ||   244
Invok: Depart the Abyss  |     1 |       ||     1
  Use: Potion            |     4 |       ||     4
       Scroll            |       |     7 ||     7
  Eat: Chunk             |     4 |     5 ||     9
Armor: Leather armour    |    24 |    17 ||    41
       Skin              |    52 |       ||    52
Dodge: Dodged            |    78 |    66 ||   144
Block: Other             |    12 |    28 ||    40
       Rpst.: Falchion   |    24 |    26 ||    50
